AoeStats
← CC

Arena

509783342Analyzed
2v2 RM · 5d ago on Sep 28, 2026· 67m 9s· 4 players
Game mode
Random Map
Map size
Medium (4 player)
Population
200
Speed
Normal
Resources
Standard
Victory
Conquest
Starting age
Dark Age
Ending age
Imperial Age
RankedLock teamsTeams togetherTeam positionsShared explorationLock speedFull tech treeHidden civsTurbo modeCheats
Victory
Defeat
🇺🇸 Teutons · United States
880
+13
🇺🇸 Turks · United States
880
+14
🇪🇨 Goths · Ecuador
845
-14
🇪🇨 Malay · Ecuador
807
-13
andres024500
0:30 Loom
14:02 Feudal Age
15:42 Double-Bit Axe
15:44 Horse Collar
15:58 Stone Mining
15:58 Gold Mining
21:56 Castle Age
20:01 Scale Mail Armor
21:40 Forging
22:13 Wheelbarrow
22:11 Pikeman
22:52 Squires
23:06 Heavy Plow
23:20 Bow Saw
23:40 Chain Mail Armor
25:14 Iron Casting
25:35 Anarchy
27:44 Hand Cart
31:34 Padded Archer Armor
31:25 Fletching
32:56 Elite Skirmisher
36:28 Imperial Age
34:48 Leather Archer Armor
34:29 Bodkin Arrow
38:02 Elite Huskarl
39:08 Treadmill Crane
45:20 Chemistry
44:40 Ballistics
44:32 Masonry
44:18 Murder Holes
46:19 Ring Archer Armor
45:49 Bracer
46:50 Blast Furnace
47:03 Two-Man Saw
46:37 Crop Rotation
49:22 Stone Shaft Mining
pocho060
0:29 Loom
12:32 Feudal Age
12:07 Double-Bit Axe
18:22 Castle Age
17:56 Horse Collar
18:29 Bow Saw
19:42 Heavy Plow
24:26 Forging
24:28 Squires
25:57 Town Watch
30:07 Iron Casting
29:23 Fletching
29:33 Padded Archer Armor
29:44 Pikeman
32:15 Wheelbarrow
33:47 Ballistics
44:45 Imperial Age
46:18 Bodkin Arrow
47:00 Thumb Ring
46:17 Crossbowman
48:12 Arbalester
48:14 Elite Skirmisher
49:50 Conscription
48:58 Man-at-Arms
49:02 Capped Ram
50:21 Crop Rotation
55:29 Chemistry
54:38 Siege Engineers
54:15 Treadmill Crane
60:10 Hand Cart
RJP
3:19 Loom
9:57 Feudal Age
10:34 Double-Bit Axe
14:56 Wheelbarrow
15:41 Scale Mail Armor
21:36 Castle Age
19:31 Stone Mining
19:30 Horse Collar
20:30 Gold Mining
23:26 Town Watch
23:07 Pikeman
23:58 Squires
24:16 Chain Mail Armor
25:55 Elite Skirmisher
26:39 Fletching
29:04 Stone Shaft Mining
28:43 Forging
30:46 Man-at-Arms
31:34 Scale Barding Armor
31:25 Bodkin Arrow
31:56 Padded Archer Armor
34:41 Hand Cart
40:42 Imperial Age
38:14 Long Swordsman
38:40 Gambesons
38:40 Arson
40:44 Capped Ram
43:01 Ballistics
43:44 Chemistry
42:32 Two-Handed Swordsman
45:52 Elite Teutonic Knight
45:55 Champion
47:10 Plate Mail Armor
47:17 Iron Casting
47:19 Fortified Wall
47:20 Masonry
46:59 Halberdier
47:53 Cavalier
48:45 Bloodlines
48:57 Chain Barding Armor
48:54 Leather Archer Armor
52:12 Blast Furnace
51:42 Ring Archer Armor
50:54 Crossbowman
58:43 Onager
66:39 Siege Engineers
66:40 Town Patrol
66:43 Heavy Plow
66:57 Bow Saw
68:04 Plate Barding Armor
66:56 Paladin
CC
11:38 Feudal Age
16:39 Castle Age
16:43 Double-Bit Axe
16:43 Horse Collar
19:01 Fletching
19:12 Padded Archer Armor
20:17 Bodkin Arrow
26:12 Leather Archer Armor
25:25 Crossbowman
27:48 Wheelbarrow
27:40 Loom
27:45 Man-at-Arms
28:50 Thumb Ring
34:04 Town Watch
36:25 Bow Saw
46:56 Forging
50:26 Imperial Age
52:54 Wheelbarrow
53:44 Conscription
54:41 Bracer
58:49 Capped Ram
62:40 Elite Janissary
67:54 Two-Man Saw
66:58 Heavy Plow
67:35 Ballistics
67:20 Murder Holes
67:45 Artillery
Connection lost

Rejoining the realm…

Still unreachable

The connection could not be restored.

Session expired

The server has moved on; the page needs a fresh start.